 Dungeon Crawl Stone Soup version 0.32-a0-42-ga30500b4d3 (webtiles) character file.

Game seed: 12250528343786108790

140 AceOff the Shield-Bearer (level 5, -6/42 HPs)
             Began as a Formicid Fighter on Feb 1, 2024.
             Was an Initiate of Qazlal.
             Mangled by Pikel
             ... wielding a +1 whip of flaming
              (9 damage)
             ... on level 3 of the Dungeon.
             The game lasted 00:02:33 (2021 turns).

AceOff the Shield-Bearer (Formicid Fighter)         Turns: 2021, Time: 00:02:34

Health: -6/42      AC:  9    Str: 21 (23) XL:     5   Next: 46%
Magic:  5/5        EV:  9    Int:  6 (7)  God:    Qazlal [......]
Gold:   146        SH:  5    Dex: 12 (13) Spells: 4/4 levels left

rFire   . . .        a - +0 war axe
rCold   + . .        c - +0 buckler
rNeg    . . .        b - +0 scale mail
rPois   .            (helmet unavailable)
rElec   .            k - +0 cloak
rCorr   .            (no gloves)
SInv    +            j - +0 pair of boots
Will    .....        (no amulet) Stlth
                     q - ring of protection from cold
HPRegen 0.27/turn    (no ring)
MPRegen 0.09/turn

%: no passive effects
@: mighty
A: permanent stasis, dig shafts and tunnels, antennae 3, four strong arms
a: Dig, Shaft Self, Renounce Religion


You were on level 3 of the Dungeon.
You worshipped Qazlal.
Qazlal was noncommittal.
You visited 1 branch of the dungeon, and saw 4 of its levels.

You collected 146 gold pieces.

Inventory:

Hand Weapons
 a - a +0 war axe (weapon)
Armour
 b - a +0 scale mail (worn)
 c - a +0 buckler (worn)
 j - a +0 pair of boots (worn)
 k - a +0 cloak (worn)
Jewellery
 q - a ring of protection from cold (left hand)
Scrolls
 e - 4 scrolls of identify {unknown}
 g - 4 scrolls of teleportation {unknown}
 h - a scroll of noise {unknown}
 l - 2 scrolls of immolation {unknown}
 p - a scroll of enchant weapon {unknown}
 r - a scroll of silence {unknown}
 s - a scroll of revelation {unknown}
 t - a scroll of amnesia {unknown}
Potions
 f - a potion of enlightenment {unknown}
 i - a potion of magic {unknown}
 m - 2 potions of attraction {unknown}
 n - a potion of curing {unknown}
 o - 2 potions of degeneration


   Skills:
 + Level 4.2 Fighting
 + Level 3.1 Axes
 + Level 4.2 Armour
 + Level 5.1 Shields


You had 4 spell levels left.
You didn't know any spells.
Your spell library was empty.

Dungeon Overview and Level Annotations

Branches:
Dungeon (4/15)
 Temple: D:4-7

Altars:
Gozag
Qazlal
Wu Jian
Xom
The Shining One

Annotations:
D:3 Pikel


Innate Abilities, Weirdness & Mutations

You cannot be hasted, slowed, berserked, paralysed or teleported.
You can dig through walls and to a lower floor.
You have a pair of large antennae on your head. (SInv)
Your four strong arms can wield two-handed weapons with a shield.


Message History

Pikel burns you.
* * * LOW HITPOINT WARNING * * *
Pikel barely misses you.
You closely miss Pikel.
Pikel is moderately wounded.
You block Pikel's attack.
You barely miss Pikel.
Pikel is moderately wounded.
Pikel hits you but does no damage. x2
You barely miss Pikel.
Pikel is moderately wounded.
Pikel hits you with a +1 whip of flaming.
* * * LOW HITPOINT WARNING * * *
Pikel burns you.
* * * LOW HITPOINT WARNING * * *
It was a potion of degeneration.
There was something very wrong with that liquid.
You feel weakened.
You feel dopey.
You feel clumsy. Pikel barely misses you.
You closely miss Pikel.
Pikel is moderately wounded.
Pikel hits you but does no damage.
You slash Pikel!
Pikel is heavily wounded.
You block Pikel's attack. x2
You hit Pikel.
Pikel is severely wounded.
Pikel hits you with a +1 whip of flaming.
* * * LOW HITPOINT WARNING * * *
Pikel burns you.
* * * LOW HITPOINT WARNING * * *
You slash Pikel!
Pikel is almost dead.
Pikel barely misses you.
You barely miss Pikel.
Pikel is almost dead.
Pikel waves his whip at you.
Pikel hits you with a +1 whip of flaming!
You die...
Pikel says, "Another soul for the market."

§§§§§§§§§§§#......_...........
§§§§§§§§§§§#..#.......#######.
§§§§§§######..#.8...8.#.......
§§§§§8#_......##.....########.
§§§§§§######..####.### ##....
§§§§§§§§§§§#### #...####..##.
§§§§§§§§§§§#.# ###......###.
§§§§§§§§§§§#.#### ##.........
§§§§§§§§§§§#.@..# ##......###.
############K##.# #...........
#..>.....55##.###.#.....##..
#..........##..##.#.....#..#
#..........###....#.....#.##
#............##..########.##
#.......>........## #.....##
#..........#......###.######
#####..##...####.....##.# #


You could see Pikel and 2 lemures.

Vanquished Creatures
  7 adders
  3 dart slugs
  A ribbon worm (D:3)
  4 orcs (D:3)
  4 endoplasms
  A giant cockroach (D:1)
  9 goblins
  6 hobgoblins
  4 jackals (D:1)
  7 kobolds
  2 quokkas (D:1)
  7 ball pythons
  A bat (D:1)
  2 frilled lizards
  3 rats
61 creatures vanquished.

Notes
Turn   | Place    | Note
-------+----------+-------------------------------------------
     0 | D:1      | AceOff the Formicid Fighter began the quest for the Orb.
     0 | D:1      | Reached XP level 1. HP: 18/18 MP: 1/1
   159 | D:1      | Reached XP level 2. HP: 24/24 MP: 2/2
   533 | D:1      | Reached XP level 3. HP: 27/29 MP: 3/3
   871 | D:2      | Reached XP level 4. HP: 37/37 MP: 4/4
   953 | D:2      | Found a faded altar of an unknown god.
  1408 | D:3      | Reached XP level 5. HP: 39/42 MP: 5/5
  1429 | D:3      | Found a shimmering altar of Xom.
  1474 | D:3      | Reached skill level 5 in Shields
  1531 | D:3      | Found an ornate altar of the Wu Jian Council.
  1685 | D:3      | Found an opulent altar of Gozag.
  1694 | D:3      | Found a stormy altar of Qazlal.
  1716 | D:3      | Became a worshipper of Qazlal Stormbringer
  1897 | D:3      | Found a glowing golden altar of the Shining One.
  1989 | D:4      | Noticed Pikel
  1989 | D:4      | Noticed a lemure
  1989 | D:4      | Noticed a lemure
  1989 | D:4      | Noticed a lemure
  1990 | D:4      | Noticed a lemure
  2019 | D:3      | HP: 2/42 [Pikel/+1 whip of flaming (1)]
  2021 | D:3      | Mangled by Pikel

Illustrated notes

Levels and vault maps discovered:
D:1:      scummos_arrival_hexagon, layout_basic
D:2:      layout_loops_ring, hellmonk_ecumenical_altar_leap_of_faith
D:3:      layout_rooms, nicolae_wu_jian_immortal_techniques,
          grunt_gozag_statues, nicolae_qazlal_eye_of_the_storm,
          lemuel_coloured_pillars_altar, mainiacjoe_overflow_brackets,
          minmay_misc_feat_columns
D:4:      layout_gridville, kennysheep_mini_moat,
          nicolae_yredelemnul_ghost_church, minmay_temple_entry_poolview,
          uniq_pikel

Skill      XL: |  1  2  3  4  5 |
---------------+----------------+-----
Armour         | 4 |  4.2
Fighting       | 4 |  4.2
Axes           | 3 |  3.1
Shields        | 5 |  5.1

Action                     |  1- 3 |  4- 6 || total
---------------------------+-------+-------++-------
  Melee: War axe           |    84 |    93 ||   177
    Use: Potion            |       |     2 ||     2
 Armour: Scale mail        |    50 |    78 ||   128
  Dodge: Dodged            |    37 |    38 ||    75
  Block: Buckler           |    20 |    29 ||    49

Table legend: (Time is in decaauts)
 A = Elapsed time spent in this place.
 B = Non-inter-level travel time spent in this place.
 C = Inter-level travel time spent in this place.
 D = Time resting spent in this place.
 E = Time spent auto-exploring this place.
 F = Levels seen in this place.
 G = Mean time per level.
                   A        B        C        D        E       F      G
               +--------+--------+--------+--------+--------+-----+--------+
         Total |   2089 |   1965 |    124 |      0 |   1520 |   4 |  522.2 |
       Dungeon |   2089 |   1965 |    124 |      0 |   1520 |   4 |  522.2 |
               +--------+--------+--------+--------+--------+-----+--------+

Top non-repeatable levels by time:
     D:1: 752 daAuts
     D:2: 670 daAuts
     D:3: 595 daAuts
     D:4: 71 daAuts
